 Dungeon Crawl Stone Soup version 0.31-a0-977-gc230f8ef24 (webtiles) character file.

Game seed: 11516093636040725087

1446 timneilson the Trooper (level 8, -7/52 (56) HPs)
             Began as an Octopode Shapeshifter on Oct 29, 2023.
             Mangled by an orc
             ... wielding a +0 flail
              (8 damage)
             ... on level 6 of the Dungeon.
             The game lasted 00:09:27 (4947 turns).

timneilson the Trooper (Octopode Shapeshifter)      Turns: 4947, Time: 00:09:27

HP:   -7/52 (56)    AC:  1    Str: 15    XL:     8   Next: 75%
MP:   21/21         EV: 14    Int: 13    God:
Gold: 303           SH:  0    Dex: 11    Spells: 12/12 levels left

rFire   . .          .
                       - Unarmed
rCold   . . .        (no shield)
rNeg    . . .        (helmet currently unavailable)
rPois   .            (no amulet)
rElec   .            h - ring of magical power
rCorr   .            (no ring)
SInv    .            (no ring)
Will    .....        (no ring)
Stlth   ++++         (no ring)
HPRegen 0.28/turn    (no ring)
MPRegen 0.17/turn    (no ring)
                     (no ring)

%: no passive effects
@: beast-form, studying Fighting, drained
A: beast (slay +2), almost no armour, amphibious, 8 rings, camouflage 1,
gelatinous body 1, (nimble swimmer 1), tentacles
a: Begin Untransformation


You were on level 6 of the Dungeon.
You were a hulking beast.
You visited 1 branch of the dungeon, and saw 6 of its levels.
You also visited: Sewer.

You collected 303 gold pieces.

Inventory:

Hand Weapons
 e - a +2 dagger of venom
Jewellery
 h - a ring of magical power (left tentacle)
 m - a ring of magical power
Talismans
 b - a beast talisman
 c - a flux talisman
Wands
 r - a wand of flame (13)
Scrolls
 f - a scroll of immolation
 i - a scroll of fog
 l - a scroll of vulnerability
 n - a scroll of revelation
 q - 2 scrolls of teleportation
 s - a scroll of fear
 t - a scroll of brand weapon {unknown}
 u - a scroll of amnesia {unknown}
Potions
 a - a potion of lignification
 d - 4 potions of haste
 g - a potion of heal wounds
 j - a potion of invisibility
 k - a potion of cancellation
 o - a potion of brilliance {unknown}
 p - 2 potions of berserk rage {unknown}


   Skills:
 * Level 5.5 Fighting
 * Level 5.0 Dodging
 + Level 4.5 Stealth
 * Level 5.5 Unarmed Combat
 + Level 2.7 Spellcasting
 * Level 5.2 Shapeshifting


You had 12 spell levels left.
You didn't know any spells.
Your spell library contained the following spells:

 Spells                   Type           Power      Damage    Failure   Level
 Wereblood                Tmut           1%         N/A       34%         2
 Irradiate                Conj/Tmut      0%         3d11      100%        5


Dungeon Overview and Level Annotations

Branches:
Dungeon (6/15)              Sewer (visited)
 Temple: D:4-7

Altars:
Fedhas


Innate Abilities, Weirdness & Mutations

You are a hulking beast.
Your limbs bulge with bestial killing power. (Slay +2)
You cannot wear most types of armour.
You are amphibious.
You can wear up to eight rings at the same time.
Your skin changes colour to match your surroundings (Stealth+).
Your rubbery body absorbs attacks. (AC +1, EV +1)
((You are camouflaged when in or above water. (Stealth+)))
You have tentacles for arms and can constrict up to eight enemies at once.


Message History

The ice beast is severely wounded.
The ice beast hits you. The ice beast freezes you!
You closely miss the ice beast.
The ice beast is severely wounded.
The ice beast barely misses you.
You bludgeon the ice beast! You tentacle-slap the ice beast.
You squeeze the ice beast.
You kill the ice beast!
Your Dodging skill increases to level 5!
An orc warrior comes into view.
It is wielding a +2 short sword of draining.
There is a large open door here.
The orc warrior shouts!
The orc priest shouts!
The orc shouts!
The orc barely misses you.
You tentacle-slap the orc. You grab the orc.
The orc is heavily wounded.
You constrict the orc. The orc misses you.
An orc comes into view. It is wielding a +0 flail.
You release your grip on the orc.
The orc priest invokes the aid of Beogh against you.
Pain shoots through your body!
There is a large open door here.
The orc warrior attacks as it pursues you!
The orc warrior misses you.
You tentacle-slap the orc warrior but do no damage.
Your grab misses the orc warrior. You tentacle-slap the orc.
You kill the orc!
The orc warrior hits you with a +2 short sword of draining!
You feel drained.
* * * LOW HITPOINT WARNING * * *
You tentacle-slap the orc warrior but do no damage.
You grab the orc warrior. You squeeze the orc warrior!
The orc warrior is moderately wounded.
You constrict the orc warrior, but do no damage.
The orc warrior hits you with a +2 short sword of draining!
* * * LOW HITPOINT WARNING * * *
You feel drained.
* * * LOW HITPOINT WARNING * * *
The orc hits you with a +0 flail!
You die...

...#<#...#####.. .#
######.......#.. ♣♣..#
.........###.#.. .♣..#
######...# #.#.o ⌠...#
.....#...# #.#..♣♣.♣..#
####.#...###.#........#
##...#.......#........#
##.###....##.####o'####
##........##....ho.#.#
#####.#+#.##.........#
....#.#.#.##...#####.#
###.#.#.#.##...# .#
#.#.#.#.###.## #
#.#.#.#.# #.#
#.#.#.#.###.#
#.#.#.#.....#
#.......#####


You could see an orc warrior and an orc.

Vanquished Creatures
  Sigmund (D:4)
  A yak (D:5)
  Pargi (Sewer)
  An ice beast (D:6)
  A sky beast (D:6)
  2 phantoms
  A bullfrog (D:6)
  3 scorpions (D:5)
  A killer bee (D:5)
  A howler monkey (D:5)
  2 hounds
  A jelly (D:5)
  3 iguanas (D:5)
  An orc wizard (D:5)
  4 gnolls (D:4)
  2 adders
  A river rat (D:3)
  3 white imps (D:5)
  2 ufetubi (D:6)
  4 dart slugs
  10 orcs
  7 endoplasms
  2 giant cockroaches
  2 goblins
  11 hobgoblins
  5 jackals (D:1)
  3 quokkas
  6 ball pythons
  4 bats
  4 frilled lizards
  10 kobolds
  6 rats
106 creatures vanquished.

Notes
Turn   | Place    | Note
-------+----------+-------------------------------------------
     0 | D:1      | timneilson the Octopode Shapeshifter began the quest for
                  | the Orb.
     0 | D:1      | Reached XP level 1. HP: 13/13 MP: 1/1
   143 | D:1      | Reached XP level 2. HP: 18/18 MP: 2/2
   247 | D:1      | Reached skill level 1 in Stealth
   302 | D:1      | Reached XP level 3. HP: 21/23 MP: 3/3
   429 | D:1      | Found a faded altar of an unknown god.
  1133 | D:2      | Reached XP level 4. HP: 29/29 MP: 5/5
  1301 | D:3      | Reached skill level 1 in Spellcasting
  1312 | D:3      | Noticed a phantom
  1341 | D:3      | Killed a phantom
  1342 | D:3      | Reached XP level 5. HP: 21/34 MP: 6/6
  1349 | D:3      | Found a glowing drain.
  1364 | Sewer    | Entered a sewer
  1444 | Sewer    | Noticed Pargi
  1450 | Sewer    | Killed Pargi
  1451 | Sewer    | Reached XP level 6. HP: 31/41 MP: 8/8
  2119 | D:4      | Found a blossoming altar of Fedhas.
  2372 | D:4      | Noticed Sigmund
  2381 | D:4      | Killed Sigmund
  2382 | D:4      | Reached XP level 7. HP: 41/46 MP: 9/9
  2734 | D:5      | Entered Level 5 of the Dungeon
  3331 | D:5      | Noticed a yak
  3355 | D:5      | Reached XP level 8. HP: 45/54 MP: 11/11
  3619 | D:5      | Reached skill level 5 in Unarmed Combat
  4028 | D:5      | HP: 2/54 [yak (17)]
  4030 | D:5      | Killed a yak
  4545 | D:6      | Reached skill level 5 in Shapeshifting
  4549 | D:6      | Reached skill level 5 in Fighting
  4934 | D:6      | Reached skill level 5 in Dodging
  4947 | D:6      | HP: 2/54 [orc warrior/+2 short sword of draining (11)]
  4947 | D:6      | Mangled by an orc

Illustrated notes

Levels and vault maps discovered:
D:1:      dpeg_arrival_tiny_i, layout_rooms, chequers_ecumenical_altar_lobes,
          amcnicky_mini_rare_corridor_liquid
D:2:      layout_basic, chequers_serial_rivers_small_a,
          kennysheep_generic_room_15
D:3:      layout_rooms, portal_sewer_entry_a, st_stairs_6,
          grunt_decor_one_mirror, minmay_cut_off
D:4:      layout_loops_corners, fedhas_altar_3, kennysheep_boxes, uniq_sigmund
D:5:      layout_loops_corners, minivault_5, minmay_manual_monolith
D:6:      layout_basic, mainiacjoe_overflow_alcove_2, kennysheep_generic_room_4,
          uniq_edmund

Skill      XL: |  1  2  3  4  5  6  7  8 |
---------------+-------------------------+-----
Stealth        | 1 2 3 4 |  4.5
Spellcasting   | 1 2 |  2.7
Fighting       | 2 3 4 5 |  5.5
Dodging        | 3 4 5 |  5.0
Unarmed Combat | 4 5 |  5.5
Shapeshifting  | 4 5 |  5.2

Action                     |  1- 3 |  4- 6 |  7- 9 || total
---------------------------+-------+-------+-------++-------
  Melee: Unarmed           |    60 |    97 |   104 ||   261
         Constrict         |    17 |    15 |    20 ||    52
         Tentacles         |    11 |    23 |    26 ||    60
         Punch             |     1 |       |     5 ||     6
    Use: Scroll            |     2 |    10 |     5 ||    17
         Potion            |       |     3 |       ||     3
   Stab: Sleeping          |     6 |     9 |     4 ||    19
 Armour: Skin              |    18 |    27 |    50 ||    95
  Dodge: Dodged            |    22 |    45 |    48 ||   115

Table legend: (Time is in decaauts)
 A = Elapsed time spent in this place.
 B = Non-inter-level travel time spent in this place.
 C = Inter-level travel time spent in this place.
 D = Time resting spent in this place.
 E = Time spent auto-exploring this place.
 F = Levels seen in this place.
 G = Mean time per level.
                   A        B        C        D        E       F      G
               +--------+--------+--------+--------+--------+-----+--------+
         Total |   4912 |   4826 |     86 |    596 |   3127 |   7 |  701.7 |
       Dungeon |   4750 |   4664 |     86 |    544 |   3127 |   6 |  791.7 |
         Sewer |    162 |    162 |      0 |     52 |      0 |   1 |  162.0 |
               +--------+--------+--------+--------+--------+-----+--------+

Top non-repeatable levels by time:
     D:5: 1731 daAuts
     D:4: 781 daAuts
     D:1: 635 daAuts
     D:2: 603 daAuts
     D:3: 527 daAuts
     D:6: 472 daAuts
   Sewer: 162 daAuts
